 Dungeon Crawl Stone Soup version 0.29.1-15-g9cfb28693d (webtiles) character file.

Game seed: 5767977177869344454

245222 Draugr the Unseen (level 19, -8/107 HPs)
             Began as a Vampire Enchanter on Mar 16, 2023.
             Was the Champion of Vehumet.
             Mangled by a culicivora (11 damage)
             ... on level 4 of the Spider Nest on Mar 17, 2023.
             The game lasted 05:43:22 (57505 turns).

Draugr the Unseen (Vampire Enchanter)              Turns: 57505, Time: 05:43:23

Health: -8/107     AC: 14    Str:  7    XL:     19   Next: 17%
Magic:  32/35      EV: 18    Int: 30    God:    Vehumet [******]
Gold:   2576       SH:  8    Dex: 16    Spells: 2/42 levels left

rFire   + . .      SeeInvis +   X - +8 dagger
rCold   + + +      Faith    .   t - +1 buckler
rNeg    + + +      Spirit   .   M - +3 troll leather armour
rPois   ∞          Reflect  .   q - +2 helmet
rElec   .          Harm     .   w - scarf {rC+ rF+}
rCorr   .          Rampage  +   (no gloves)
Will    +....                   Q - +2 pair of boots {rampage}
Stlth   +++++++++.              y - amulet of the acrobat
HPRegen 0.00/turn               j - +6 ring of intelligence
MPRegen 0.24/turn               L - +4 ring of evasion

@: bloodless, inhibited regen
A: bloodless, fangs 3, see invisible, vampiric 2
}: 1/15 runes: barnacled
a: Bat Form, Revivify, Renounce Religion


You were on level 4 of the Spider Nest.
You worshipped Vehumet.
Vehumet was exalted by your worship.
You visited 9 branches of the dungeon, and saw 37 of its levels.
You visited 1 bazaar.
You also visited: Sewer and Ice Cave.

You collected 5116 gold pieces.
You spent 2540 gold pieces at shops.

Inventory:

Hand Weapons
 a - a +3 dagger
 B - a +0 dagger of pain
 G - a +3 dagger of flaming
 X - a +8 dagger (weapon)
Missiles
 H - 10 throwing nets (quivered)
Armour
 q - a +2 helmet (worn)
 t - a +1 buckler (worn)
 w - a scarf of resistance (worn)
 M - a +3 troll leather armour (worn)
 Q - a +2 pair of boots of rampaging (worn)
Jewellery
 e - a ring of fire
 f - a ring of willpower
 j - a +6 ring of intelligence (left hand)
 l - a ring of magical power
 s - an amulet of reflection
 y - an amulet of the acrobat (around neck)
 C - an amulet of regeneration
 L - a +4 ring of evasion (right hand)
 P - a ring of ice
 R - a ring of protection from cold
 V - an amulet of magic regeneration
 W - a +6 ring of dexterity
Wands
 c - a wand of charming (7)
 I - a wand of roots (33)
 J - a wand of acid (5)
 S - a wand of polymorph (15)
 U - a wand of mindburst (35)
Scrolls
 i - 4 scrolls of fog
 m - 4 scrolls of immolation
 n - 5 scrolls of vulnerability
 o - 3 scrolls of amnesia
 p - 4 scrolls of poison
 u - 2 scrolls of torment
 O - a scroll of fear
 T - 5 scrolls of silence
Potions
 b - 3 potions of haste
 g - 4 potions of resistance
 h - 5 potions of flight
 r - 2 potions of magic
 v - 6 potions of cancellation
 x - 7 potions of mutation
 z - 7 potions of attraction
 A - 7 potions of brilliance
 D - 4 potions of might
 E - 10 potions of curing
 F - 4 potions of ambrosia
 K - 3 potions of lignification
Miscellaneous
 d - a lightning rod (4/4)


   Skills:
 - Level 8.1 Fighting
 - Level 7.0 Short Blades
 - Level 4.0 Armour
 - Level 6.1 Dodging
 - Level 20.0 Stealth
 - Level 10.4 Shields
 - Level 12.2 Spellcasting
 + Level 9.1 Conjurations
 - Level 11.0 Hexes
 - Level 7.8 Translocations
 - Level 1.3 Fire Magic
 - Level 14.0 Ice Magic
 - Level 5.0 Air Magic
 - Level 12.0 Earth Magic
 - Level 1.8 Poison Magic
 - Level 6.0 Evocations


You had 2 spell levels left.
You knew the following spells:

 Your Spells              Type           Power      Damage    Failure   Level
a - Ensorcelled Hibernat  Hex/Ice        100%       N/A       1%          2
b - Confusing Touch       Hex            71%        N/A       1%          3
c - Iron Shot             Conj/Erth      35%        9d7       2%          6
d - Tukima's Dance        Hex            71%        N/A       1%          3
e - Ozocubu's Refrigerat  Ice            40%        4d16      3%          7
f - Stone Arrow           Conj/Erth      100%       3d13      1%          3
g - Apportation           Tloc           100%       N/A       1%          1
h - Scorch                Fire           52%        2d8       1%          2
i - Blink                 Tloc           100%       N/A       1%          2
j - Iskenderun's Mystic   Conj/Tloc      62%        2d13      1%          4
k - Freezing Cloud        Conj/Ice/Air   33%        6-21      1%          5
l - Passwall              Tmut/Erth      44%        N/A       1%          2

Your spell library contained the following spells:

 Spells                   Type           Power      Damage    Failure   Level
 Polar Vortex             Ice            40%        N/A       97%         9
 Ignition                 Fire           13%        3d6       100%        8
 Shatter                  Erth           37%        3d29*     100%        9
 Freeze                   Ice            100%       1d11      0%          1
 Foxfire                  Conj/Fire      100%       2x1d9     1%          1
 Sandblast                Erth           100%       2d20      1%          1
 Necrotise                Necr           72%        1d7       4%          1
 Summon Small Mammal      Summ           72%        N/A       4%          1
 Sublimation of Blood     Necr           18%        N/A       8%          2
 Wereblood                Tmut           18%        N/A       8%          2
 Dazzling Flash           Conj/Hex       100%       N/A       1%          3
 Frozen Ramparts          Ice            100%       1d16      1%          3
 Gell's Gravitas          Tloc           60%        N/A       1%          3
 Lesser Beckoning         Tloc           60%        N/A       1%          3
 Mephitic Cloud           Conj/Pois/Air  50%        N/A       1%          3
 Ozocubu's Armour         Ice            80%        N/A       1%          3
 Teleport Other           Tloc           60%        N/A       1%          3
 Flame Wave               Conj/Fire      50%        2d12      1%          4
 Fulminant Prism          Conj/Hex       34%        3d16      1%          4
 Hailstorm                Conj/Ice       73%        3d15      1%          4
 Passage of Golubria      Tloc           60%        N/A       1%          4
 Metabolic Englaciation   Hex/Ice        38%        N/A       1%          5
 Ice Form                 Ice/Tmut       57%        N/A       2%          4
 Animate Armour           Summ/Erth      100%       N/A       4%          4
 Petrify                  Tmut/Erth      53%        N/A       4%          4
 Silence                  Hex/Air        30%        N/A       4%          5
 Manifold Assault         Tloc           60%        N/A       5%          5
 Borgnjor's Vile Clutch   Necr/Erth      26%        N/A       11%         5
 Conjure Ball Lightning   Conj/Air       28%        3x3d8     11%         6
 Vampiric Draining        Necr           18%        2d7       14%         3
 Orb of Destruction       Conj           32%        9d10      24%         7
 Dispersal                Tloc           30%        N/A       30%         6
 Simulacrum               Ice/Necr       28%        N/A       38%         6
 Animate Dead             Necr           18%        N/A       43%         4
 Statue Form              Tmut/Erth      35%        N/A       52%         6
 Lehudib's Crystal Spear  Conj/Erth      35%        10d9      67%         8
 Agony                    Necr           18%        N/A       80%         5
 Discord                  Hex            35%        N/A       98%         8
 Death Channel            Necr           9%         N/A       100%        6
 Summon Cactus Giant      Summ           9%         N/A       100%        6
 Summon Hydra             Summ           9%         N/A       100%        7
 Disjunction              Tloc           30%        N/A       100%        8


Dungeon Overview and Level Annotations

Branches:
Dungeon (15/15)            Temple (1/1) D:6            Lair (5/5) D:8
 Shoals (4/4) Lair:2       Spider (4/4) Lair:2        Slime (1/5) Lair:4
    Orc (2/2) D:11            Elf (2/3) Orc:2        Vaults (3/5) D:14
 Depths (0/4) D:15          Sewer (visited)           IceCv (visited)
  Crypt: Vaults:2-3

Altars:
Ashenzari
Cheibriados
Dithmenos
Fedhas
Gozag
Hepliaklqana
Kikubaaqudgha
Makhleb
Nemelex Xobeh
Okawaru
Qazlal
Ru
Sif Muna
Trog
Uskayaw
Vehumet
Wu Jian
Xom
Yredelemnul

Shops:
D:6 *   D:11 :   D:14 ((*?   Orc:2 [![?   Elf:1 :   Vaults:2 *

Portals:
Trove: D:14 (give +5 ice dragon scales)

Annotations:
D:2 1 runed translucent door, Crazy Yiuf
D:12 3 runed translucent doors, exclusion: orange crystal statue
Spider:4 Mara
Elf:2 3 runed translucent doors
Vaults:1 3 runed translucent doors, Getoffmy's ghost, veteran GrFi; Zonian's ghost, adept HOFi
Vaults:3 Jory; Margery; Zenata


Innate Abilities, Weirdness & Mutations

You do not regenerate when monsters are visible.
You are frail without blood (-20% HP).
You can heal yourself when you bite living creatures.
You are immune to poison.
You have razor-sharp teeth.
You have supernaturally acute eyesight. (SInv)
You are afflicted with vampirism and can become a bat while bloodless.


Message History

The meliai calls upon its god to heal the meliai.
The meliai's wounds heal themselves!
The culicivora bites you!
You barely miss the culicivora. You bite the culicivora.
The culicivora is lightly wounded.
The meliai mumbles some strange prayers to its god against you.
Something smites you!
The human hits the meliai.
You block the culicivora's attack. You block the culicivora's attack.
The meliai calls down the wrath of its god upon you.
Something smites you!
The meliai calls upon its god to heal the meliai.
The meliai's wounds heal themselves!
The human hits the meliai.
The culicivora completely misses you.
The meliai calls down the wrath of its god upon you.
Something smites you!
You hear a skittering sound.
Casting: Ensorcelled Hibernation (safe; 1% risk of failure)
Confirm with . or Enter, or press ? or * to list all spells.
Aiming: Passwall (safe; 1% risk of failure)
Press: ? - help, Dir - move target, p - culicivora A rock wall.
The meliai invokes the aid of its god against you.
Something smites you!
The meliai calls upon its god to heal the meliai.
The meliai's wounds heal themselves!
The meliai hits you but does no damage.
The meliai stings you but does no damage.
The culicivora bites you.
The tarantella touches the human!
You hear a skittering sound.
You begin to meditate on the wall.
You continue meditating on the rock.
The culicivora bites you!
* * * LOW HITPOINT WARNING * * *
The tarantella touches the human but does no damage.
You block the meliai's attack. The meliai stings you!
* * * LOW HITPOINT WARNING * * *
The meliai invokes the aid of its god against you.
Something smites you!
* * * LOW HITPOINT WARNING * * *
The human hits the meliai but does no damage.
The culicivora bites you!
You die...

###.....#...<.##...## ##...^
#
##....#....†.....#...^#...#
## ###..#....pp..^##.^
...... #.
##...).....[.###^.##...@h
...#.........#..##..^#....##
#..##.##........#....#.....#
....#..##.......#.....^..#
.......^###....##.....#
.........^#..###@y....##
#^............#s.......#
##....#....s.spyy....(###
....^###................#
...[^# #..(...^....^....#
...### #....~#....^#....#
s.# #...s.#..^..#^^.^#
#^...^#^.p.^#....## #
#.....#.....#^..^.#


You could see a wolf spider, a culicivora, a tarantella, 3 meliai and 2 neutral
humans.

Vanquished Creatures
  Arachne (Spider:2)
  Rupert (Lair:4)
  A sphinx (Vaults:2)
  Kirke (Spider:4)
  A deep elf sorcerer (Elf:1)
  An emperor scorpion (Spider:4)
  A frost giant (Shoals:3)
  Aizul (Spider:2)
  5 vault wardens
  8 ironbound preservers
  3 ironbound thunderhulks
  2 stone giants
  A broodmother (Spider:2)
  2 very ugly things (Vaults:2)
  3 entropy weavers
  A dire elephant (Vaults:3)
  Snorg (D:12)
  7 merfolk impalers
  A fire dragon (D:15)
  Josephine (D:12)
  4 merfolk javelineers
  3 boulder beetles
  3 yaktaur captains (Vaults:2)
  2 alligator snapping turtles
  6 hydras
  14 centaur warriors
  2 vault guards (Vaults:3)
  An ironbound frostheart (Vaults:2)
  4 radroaches
  An ice dragon (D:15)
  An ogre mage (D:14)
  2 catoblepae
  A death knight (D:13)
  4 merfolk avatars
  4 two-headed ogres
  6 death yaks
  2 satyrs
  4 tengu warriors
  2 merfolk aquamancers
  Urug (D:13)
  10 deep elf knights
  A skeletal warrior (D:14)
  2 steelbarb worms
  7 pharaoh ants
  8 sea snakes
  7 orb spiders
  13 deep trolls
  10 ironbound convokers
  A wizard (D:15)
  22 deep elf pyromancers
  6 lindwurms
  23 harpies
  7 deep elf archers
  2 orc knights
  21 deep elf zephyrmancers
  A necromancer (IceCv)
  21 ugly things
  2 orc sorcerers
  An oklob plant (Lair:2)
  12 wolf spiders
  14 manticores
  3 fauns (Shoals:3)
  13 cyclopes
  A moth of wrath (Spider:2)
  13 vault sentinels
  A black mamba (shapeshifter) (D:12)
  6 elephants
  2 merfolk sirens (Shoals:4)
  8 cane toads
  3 black mambas
  2 ice statues
  A gargoyle (D:11)
  9 water nymphs
  A torpor snail (shapeshifter) (Vaults:2)
  A torpor snail (Lair:5)
  4 centaur skeletons (D:14)
  9 komodo dragons
  An unseen horror (D:13)
  4 rime drakes
  4 kobold demonologists
  3 demonic crawlers
  2 tengu conjurers
  3 freezing wraiths
  10 yaktaurs
  2 trolls (D:10)
  14 ice devils
  An anaconda simulacrum (Lair:1)
  3 meliai
  7 polar bears
  5 wind drakes
  12 tarantellas
  A blink frog (shapeshifter) (D:15)
  14 merfolk
  4 blink frogs
  3 hornets
  12 snapping turtles
  8 dream sheep
  28 slime creatures
  26 jumping spiders
  17 dancing weapons
  17 culicivoras
  6 water elementals
  The ghost of Starhustler the Grave Robber, an amateur DENe of Yredelemnul (D:6)
  A vampire (D:13)
  5 wraiths (D:12)
  A basilisk (D:14)
  4 dire elephant simulacra (IceCv)
  14 wyverns
  34 yaks
  A fire elemental (Elf:1)
  2 hogs (Spider:4)
  2 death yak simulacra (IceCv)
  43 redbacks
  2 steam dragons
  4 vampire mosquitoes (D:13)
  6 wargs
  4 harpy simulacra
  An acid dragon (D:8)
  12 water moccasins
  2 hydra simulacra (IceCv)
  3 ice beasts
  22 orc warriors
  A sky beast (D:7)
  4 ogres
  2 black bears
  A wolf (Lair:1)
  11 centaurs
  8 boggarts
  A phantom (D:4)
  6 kobold brigands
  12 bullfrogs
  A necrophage (D:6)
  A gnoll sergeant (D:10)
  6 scorpions
  6 earth elementals
  7 cane toad simulacra
  9 wights
  10 killer bees
  4 elephant simulacra
  9 howler monkeys
  A vampire bat (D:5)
  3 electric eels
  3 hounds
  15 orc priests
  3 gnoll boudas
  9 jellies
  2 iguanas (D:5)
  23 orc wizards
  4 polar bear simulacra
  3 troll simulacra (IceCv)
  6 wolf simulacra (IceCv)
  Robin (D:3)
  10 gnolls
  10 adders
  2 naga simulacra
  A white imp (IceCv)
  2 ufetubi
  5 dart slugs
  3 fire bats (D:5)
  59 orcs
  2 spectral bats (D:5)
  3 bat skeletons (D:5)
  A bat zombie (D:5)
  7 endoplasms
  17 giant cockroaches
  15 goblins
  7 hobgoblins
  5 quokkas
  9 ball pythons
  16 bats
  A bat simulacrum (D:5)
  6 frilled lizards
  25 kobolds
  2 rats
  A spectral goblin (D:3)
1130 creatures vanquished.

Vanquished Creatures (collateral kills)
  A centaur warrior (D:13)
  8 orc warriors
  4 centaurs (Orc:2)
  10 orcs
23 creatures vanquished.

Vanquished Creatures (others)
  10 dancing weapons
  2 centaurs
  195 foxfires
  36 fungi
  171 plants
  3 toadstools (D:3)
417 creatures vanquished.

Grand Total: 1570 creatures vanquished

Notes
Turn   | Place    | Note
-------+----------+-------------------------------------------
     0 | D:1      | Draugr the Vampire Enchanter began the quest for the Orb.
     0 | D:1      | Reached XP level 1. HP: 13/13 MP: 3/3
   391 | D:1      | Reached XP level 2. HP: 16/16 MP: 5/5
   394 | D:1      | Learned a level 2 spell: Ensorcelled Hibernation
   411 | D:1      | Reached skill level 1 in Fighting
  1420 | D:2      | Reached skill level 5 in Stealth
  1523 | D:2      | Gained mutation: You are afflicted with vampirism and can
                  | become a bat while bloodless. [Vampire growth]
  1523 | D:2      | Reached XP level 3. HP: 20/20 MP: 6/6
  1789 | D:2      | Found a runed translucent door.
  1790 | D:2      | Noticed Crazy Yiuf
  2349 | D:3      | Noticed Robin
  2949 | D:3      | Killed Robin
  2950 | D:3      | Reached skill level 1 in Ice Magic
  2966 | D:3      | Reached XP level 4. HP: 24/25 MP: 2/7
  3046 | D:3      | Learned a level 3 spell: Confusing Touch
  3084 | D:3      | Found a faded altar of an unknown god.
  3250 | D:3      | Learned a level 1 spell: Necrotise
  3279 | D:3      | Identified the +2 ring mail of Supple Strength {rF+}
  3681 | D:4      | Noticed a scorpion
  3686 | D:4      | Killed a scorpion
  3687 | D:4      | Reached XP level 5. HP: 29/29 MP: 6/10
  3687 | D:4      | Found a glowing drain.
  3735 | Sewer    | Entered a sewer
  4291 | Sewer    | Reached XP level 6. HP: 34/37 MP: 8/11
  4774 | D:4      | Found a stormy altar of Qazlal.
  4923 | D:4      | Reached XP level 7. HP: 31/42 MP: 6/12
  5339 | D:5      | Entered Level 5 of the Dungeon
  5339 | D:5      | Found a shimmering altar of Xom.
  5350 | D:5      | Reached skill level 5 in Short Blades
  5368 | D:5      | Reached skill level 6 in Stealth
  5437 | D:5      | Reached skill level 7 in Stealth
  5751 | D:5      | Learned a level 3 spell: Tukima's Dance
  5814 | D:5      | Reached skill level 8 in Stealth
  5943 | D:5      | Reached skill level 9 in Stealth
  6017 | D:5      | Found a blossoming altar of Fedhas.
  6065 | D:5      | Reached skill level 5 in Hexes
  6065 | D:5      | Reached XP level 8. HP: 48/48 MP: 13/13
  6773 | D:6      | Found Venlom's General Store.
  6779 | D:6      | Bought a scroll of identify for 24 gold pieces
  6779 | D:6      | Bought a scroll of identify for 24 gold pieces
  6780 | D:6      | Identified a scroll of acquirement
  6780 | D:6      | Acquired the Teachings on Non-Euclidean Striking
  6786 | D:6      | Learned a level 3 spell: Mephitic Cloud
  6794 | D:6      | Reached skill level 1 in Poison Magic
  6885 | D:6      | Reached skill level 1 in Air Magic
  7234 | D:6      | Noticed Starhustler's ghost (amateur DENe)
  7258 | D:6      | Reached skill level 1 in Conjurations
  7262 | D:6      | Found a runed translucent gate.
  7262 | D:6      | Found a runed translucent gate.
  7262 | D:6      | Found a runed translucent gate.
  7509 | D:6      | Found a staircase to the Ecumenical Temple.
  7525 | Temple   | Entered the Ecumenical Temple
  7525 | Temple   | Found a transporter.
  7525 | Temple   | Found a transporter.
  7527 | Temple   | Found a transporter.
  7527 | Temple   | Found a transporter.
  7549 | Temple   | Became a worshipper of Vehumet
  7714 | D:6      | Reached XP level 9. HP: 52/52 MP: 11/14
  7732 | D:6      | Killed Starhustler's ghost
  7761 | D:6      | Identified the ring "Omna" {Fire Will- rCorr Stlth+}
  7973 | D:7      | You fall into a shaft and drop 2 floors!
  8471 | D:9      | Learned a level 3 spell: Stone Arrow
  8613 | D:8      | Reached * piety under Vehumet
  8613 | D:8      | Offered knowledge of Foxfire by Vehumet.
  8763 | D:8      | Learned a level 1 spell: Foxfire
  9059 | D:7      | Reached skill level 5 in Spellcasting
  9104 | D:7      | Reached skill level 1 in Fire Magic
  9114 | D:7      | Identified the +0 whip "Xugaukhe" {antimagic, rC+++ rN+
                  | Int-3 SInv}
  9141 | D:7      | Reached skill level 1 in Earth Magic
  9156 | D:7      | Found a basalt altar of Yredelemnul.
  9171 | D:7      | Found an opulent altar of Gozag.
  9174 | D:7      | Found a hide-covered altar of Uskayaw.
  9729 | D:8      | Reached skill level 5 in Earth Magic
 10001 | D:8      | Reached XP level 10. HP: 52/56 MP: 13/17
 10141 | D:8      | Found a staircase to the Lair.
 10422 | D:9      | Reached skill level 5 in Conjurations
 10427 | D:9      | Found a sparkling altar of Nemelex Xobeh.
 10441 | D:9      | Offered knowledge of Poisonous Vapours by Vehumet.
 10509 | D:9      | Reached ** piety under Vehumet
 11090 | D:9      | Reached skill level 1 in Evocations
 11104 | D:9      | Offered knowledge of Scorch by Vehumet.
 11256 | D:10     | Entered Level 10 of the Dungeon
 11490 | D:10     | Learned a level 2 spell: Scorch
 11844 | D:10     | Reached skill level 10 in Stealth
 12056 | D:10     | Reached skill level 11 in Stealth
 12214 | D:11     | Reached *** piety under Vehumet
 12312 | D:11     | Found a staircase to the Orcish Mines.
 12399 | D:11     | Found Hufanub's Book Shop.
 12407 | D:11     | Bought a book of Spatial Translocations for 286 gold pieces
 12410 | D:11     | Learned a level 2 spell: Blink
 12608 | D:11     | Noticed a gargoyle
 12755 | D:11     | Reached skill level 1 in Translocations
 13013 | D:11     | Killed a gargoyle
 13221 | Orc:1    | Entered Level 1 of the Orcish Mines
 13370 | Orc:1    | Offered knowledge of Ignite Poison by Vehumet.
 13669 | Orc:1    | Noticed a two-headed ogre
 13674 | Orc:1    | Killed a two-headed ogre
 13675 | Orc:1    | Reached XP level 11. HP: 60/60 MP: 20/20
 13802 | Orc:2    | Entered Level 2 of the Orcish Mines
 14328 | Orc:2    | Found a staircase to the Elven Halls.
 14330 | Orc:2    | Reached skill level 1 in Armour
 14433 | Orc:1    | Reached **** piety under Vehumet
 14724 | Orc:2    | Noticed an orc sorcerer
 14814 | Orc:2    | Paralysed by an orc sorcerer for 4 turns
 14936 | Orc:2    | Killed an orc sorcerer
 15210 | Orc:2    | Offered knowledge of Lee's Rapid Deconstruction by Vehumet.
 15289 | Orc:2    | Noticed a centaur warrior
 15611 | Lair:1   | Entered Level 1 of the Lair of Beasts
 15650 | Lair:1   | Reached skill level 5 in Fighting
 15655 | Lair:1   | Reached skill level 1 in Shields
 15996 | Lair:1   | Noticed a four-headed hydra
 16016 | Lair:1   | Killed a four-headed hydra
 16017 | Lair:1   | Reached skill level 5 in Shields
 16384 | Lair:1   | Reached ***** piety under Vehumet
 16404 | Lair:1   | Offered knowledge of Lightning Bolt by Vehumet.
 16669 | Lair:1   | Reached XP level 12. HP: 65/68 MP: 18/21
 17098 | Lair:1   | Identified the +0 chain mail of the Realm of Zot {rElec
                  | rN+}
 17244 | Lair:2   | Noticed a death yak
 17245 | Lair:2   | Noticed a death yak
 17245 | Lair:2   | Noticed a death yak
 17867 | Orc:2    | Killed a centaur warrior
 18587 | Orc:2    | Found Noups's Distillery.
 18587 | Orc:2    | Found Veodio's Antique Armour Shop.
 18589 | Orc:2    | Found Vodadih's Magic Scroll Boutique.
 18591 | Orc:2    | Found Teosh's Antique Armour Shoppe.
 18602 | Orc:2    | Bought a scroll of acquirement for 676 gold pieces
 18602 | Orc:2    | Bought a scroll of identify for 26 gold pieces
 18602 | Orc:2    | Bought a scroll of identify for 26 gold pieces
 18602 | Orc:2    | Bought a scroll of identify for 26 gold pieces
 18607 | Orc:2    | Bought a scroll of identify for 26 gold pieces
 18610 | Orc:2    | Acquired 751 gold pieces
 18618 | Orc:2    | Bought a potion of experience for 750 gold pieces
 18620 | Orc:2    | Reached skill level 10 in Shields
 18620 | Orc:2    | Reached XP level 13. HP: 72/72 MP: 21/25
 19100 | D:11     | Learned a level 4 spell: Iskenderun's Mystic Blast
 19235 | Lair:2   | Found a staircase to the Shoals.
 19687 | Lair:2   | Reached skill level 10 in Hexes
 19720 | Lair:2   | Found a hole to the Spider Nest.
 20158 | Lair:1   | Reached skill level 12 in Stealth
 20685 | Lair:3   | Reached skill level 5 in Dodging
 20978 | Lair:3   | Offered knowledge of Freezing Cloud by Vehumet.
 21137 | Lair:3   | Reached XP level 14. HP: 78/78 MP: 24/26
 21143 | Lair:3   | Learned a level 5 spell: Freezing Cloud
 21560 | Lair:4   | Found a staircase to the Slime Pits.
 21862 | Lair:4   | Noticed Rupert
 21873 | Lair:4   | Killed Rupert
 22372 | Lair:5   | Entered Level 5 of the Lair of Beasts
 22431 | Lair:5   | Reached skill level 5 in Ice Magic
 22655 | Lair:5   | Found the +3 hat of Pondering {ponderous, Will+ MP+10
                  | Int+5}
 22677 | Lair:5   | Reached skill level 5 in Air Magic
 23168 | Lair:5   | Reached skill level 5 in Translocations
 24014 | D:12     | Found a runed translucent door.
 24023 | D:12     | Found a runed translucent door.
 24055 | D:12     | Found a frozen archway.
 24076 | IceCv    | Entered an ice cave
 24156 | IceCv    | Offered knowledge of Orb of Destruction by Vehumet.
 24483 | IceCv    | Found an ancient bone altar of Kikubaaqudgha.
 24769 | IceCv    | Learned a level 7 spell: Orb of Destruction
 26047 | D:12     | Found a runed translucent door.
 26065 | D:12     | Found a runed translucent door.
 26141 | D:12     | Noticed Snorg
 26148 | D:12     | Killed Snorg
 26153 | D:12     | Noticed Josephine
 26164 | D:12     | Killed Josephine
 26481 | D:13     | Found a radiant altar of Vehumet.
 26767 | D:13     | Reached XP level 15. HP: 88/88 MP: 20/28
 27072 | D:13     | Noticed Urug
 27106 | D:13     | Killed Urug
 27859 | D:13     | Reached skill level 13 in Stealth
 28351 | D:14     | Offered knowledge of Ozocubu's Refrigeration by Vehumet.
 28374 | D:14     | Found Unoetius's Weapon Shop.
 28441 | D:14     | Found Vaynt's Weapon Emporium.
 28682 | D:14     | Reached skill level 14 in Stealth
 28740 | D:14     | Found Udostreerph's General Store.
 29345 | D:14     | Reached skill level 15 in Stealth
 29644 | D:14     | Reached skill level 10 in Spellcasting
 30326 | D:14     | Found a gate to the Vaults.
 30476 | D:14     | Found a portal to a secret trove of treasure.
 30547 | D:14     | Found Iresomut's Magic Scroll Boutique.
 30553 | D:14     | Bought a scroll of teleportation for 45 gold pieces
 30553 | D:14     | Bought a scroll of teleportation for 45 gold pieces
 30553 | D:14     | Bought a scroll of identify for 30 gold pieces
 30553 | D:14     | Bought a scroll of teleportation for 45 gold pieces
 31381 | D:15     | Entered Level 15 of the Dungeon
 32175 | D:15     | Learned a level 7 spell: Ozocubu's Refrigeration
 32455 | D:15     | Found a staircase to the Depths.
 33258 | Spider:1 | Entered Level 1 of the Spider Nest
 34044 | Spider:1 | Reached XP level 16. HP: 93/93 MP: 29/32
 34760 | Lair:2   | Offered knowledge of Iron Shot by Vehumet.
 34773 | Lair:2   | Learned a level 6 spell: Iron Shot
 35443 | Spider:1 | Identified the +1 glaive "Jijomab" {flame, SInv}
 35783 | Spider:2 | Noticed Aizul
 35787 | Spider:2 | Learned a level 1 spell: Apportation
 35813 | Spider:2 | Killed Aizul
 36124 | Spider:2 | Noticed Arachne
 36545 | Elf:1    | Entered Level 1 of the Elven Halls
 36926 | Shoals:1 | Entered Level 1 of the Shoals
 37645 | Shoals:1 | Found the +6 lightning scales {swift, rElec}
 38423 | Shoals:1 | Reached skill level 10 in Earth Magic
 38722 | Shoals:2 | Offered knowledge of Fireball by Vehumet.
 40650 | Shoals:4 | Entered Level 4 of the Shoals
 40915 | Shoals:4 | Reached XP level 17. HP: 97/97 MP: 31/33
 42281 | Shoals:4 | Offered knowledge of Starburst by Vehumet.
 42458 | Shoals:4 | Got a barnacled rune of Zot
 42531 | Shoals:4 | Identified the +0 whip of Innumiklo {drain, Dex+7}
 42786 | Spider:2 | Killed Arachne
 44246 | Spider:3 | Reached skill level 10 in Ice Magic
 45375 | Spider:4 | Entered Level 4 of the Spider Nest
 45387 | Spider:4 | Identified the +8 quarterstaff of the Empty Page {vorpal,
                  | rCorr MP-9 Stlth+}
 45579 | Spider:4 | Noticed Kirke
 45729 | Spider:4 | Noticed Mara
 45879 | Spider:4 | Learned a level 2 spell: Passwall
 45935 | Spider:4 | Reached skill level 5 in Evocations
 46613 | Slime:1  | Entered Level 1 of the Pits of Slime
 47696 | Elf:1    | Reached skill level 16 in Stealth
 48002 | Elf:1    | Found Oneokeps's Book Shop.
 48509 | Elf:1    | Reached skill level 17 in Stealth
 49129 | Elf:1    | Reached XP level 18. HP: 101/103 MP: 14/34
 50818 | Elf:2    | Found a runed translucent gate.
 50818 | Elf:2    | Found a runed translucent gate.
 50820 | Elf:2    | Found a runed translucent gate.
 51278 | Vaults:1 | Entered Level 1 of the Vaults
 51606 | Vaults:1 | Found a flickering gateway to a bazaar.
 51615 | Bazaar   | Entered a bazaar
 51618 | Bazaar   | Found Emnog's Distillery.
 51626 | Bazaar   | Found Olu Iny's Armour Boutique.
 51649 | Bazaar   | Found Doywnof's General Store.
 51651 | Bazaar   | Found Mutitaeh's Assorted Antiques.
 51659 | Bazaar   | Found Roill's Weapon Emporium.
 51682 | Bazaar   | Bought a scroll of teleportation for 39 gold pieces
 51696 | Bazaar   | Bought a potion of cancellation for 120 gold pieces
 51696 | Bazaar   | Bought a potion of haste for 150 gold pieces
 52086 | Vaults:1 | Acquired 901 gold pieces
 52339 | Vaults:1 | Reached ****** piety under Vehumet
 53362 | Vaults:1 | Found a runed translucent gate.
 53362 | Vaults:1 | Found a runed translucent gate.
 53362 | Vaults:1 | Found an ancient bone altar of Kikubaaqudgha.
 53362 | Vaults:1 | Noticed Getoffmy's ghost (veteran GrFi)
 53362 | Vaults:1 | Noticed a lich
 53362 | Vaults:1 | Noticed an ancient lich
 53363 | Vaults:1 | Found a runed translucent gate.
 53363 | Vaults:1 | Noticed Zonian's ghost (adept HOFi)
 53363 | Vaults:1 | Noticed a dread lich
 54602 | Vaults:2 | Reached skill level 18 in Stealth
 54801 | Vaults:2 | Offered knowledge of Shatter by Vehumet.
 54801 | Vaults:2 | Offered knowledge of Polar Vortex by Vehumet.
 54801 | Vaults:2 | Offered knowledge of Ignition by Vehumet.
 55119 | Vaults:2 | Reached skill level 19 in Stealth
 55317 | Vaults:2 | Identified the +2 pair of boots of Huischaa {Drain rC+
                  | Str+2 SInv}
 55490 | Vaults:2 | Found Qussobuw's Assorted Antiques.
 55500 | Vaults:2 | Bought a scroll of enchant armour for 202 gold pieces
 55968 | Vaults:2 | Reached skill level 20 in Stealth
 56272 | Vaults:3 | Reached XP level 19. HP: 107/107 MP: 35/35
 56549 | Vaults:3 | Noticed Zenata
 56561 | Vaults:3 | Noticed Margery
 56716 | Vaults:3 | Noticed Jory
 57383 | Spider:4 | Killed Kirke
 57505 | Spider:4 | HP: 3/107 [meliai/divine providence (15)]
 57505 | Spider:4 | Mangled by a culicivora

Illustrated notes

Levels and vault maps discovered:
D:1:      lightli_arrival_maybe_door_vault, layout_basic,
          minmay_misc_feat_square
D:2:      layout_loops_corners, uniq_crazy_yiuf_cottage
D:3:      layout_rooms, dreamdust_ecumenical_altar_drowned_temple,
          minmay_gold_behind_fungi, uniq_robin
D:4:      layout_basic, nicolae_qazlal_general_emergency,
          cheibrodos_sewer_entry_sluice, nicolae_titane
D:5:      layout_rooms, fedhas_altar_3, xom_confusion_cloud, goddamned_bats
D:6:      layout_loops_ring, minmay_temple_entry_trees, gammafunk_ghost_split,
          serial_shops, nicolae_stop_n_shop_1
D:7:      layout_basic, minitemple, serial_park_tiny_2
D:8:      black_bear_nest_2, layout_gridville, grunt_lair_entry_orc_guard_hut
D:9:      layout_roguey, old_standard_altar, kennysheep_generic_room_10
D:10:     layout_loops_cross
D:11:     layout_cave_pods, minmay_orc_entry_guard_dogs, serial_shops, shop
D:12:     layout_basic, portal_ice_cave_entry_pillars_2,
          minmay_statue_crystal_thing, uniq_snorg, uniq_josephine
D:13:     layout_basic, vehumet_altar_wand_db, uniq_urug
D:14:     layout_loops_ring, hangedman_vaults_entry_quadrant_bands,
          serial_shops, nicolae_inconvenience_store, nicolae_stop_n_shop_1,
          shop, nicolae_shop_trees, kennysheep_path_1,
          nicolae_trove_entry_columns
D:15:     grunt_enter_depths_hoard, layout_irregular_city,
          kennysheep_pointless_box
Temple:   hellmonk_temple_divided_pantheon
Lair:1:   dreamdust_isle_of_ice, layout_concentric_octagons, serial_forest,
          infiniplex_forest_end_double, infiniplex_forest_lined_2,
          infiniplex_forest_lined_3_way, infiniplex_forest_straight_2,
          infiniplex_forest_clump_curved, infiniplex_forest_clump_C,
          infiniplex_forest_lined_ring, infiniplex_forest_side_room
Lair:2:   layout_gridlike, minmay_shoals_entry_centaurs,
          nicolae_spider_entry_tight_spaces
Lair:3:   layout_concentric_octagons
Lair:4:   layout_cave_pods, minmay_slime_entry_pillars, uniq_rupert
Lair:5:   gammafunk_lair_ancient_temple, layout_hall_layers
Shoals:1: layout_shoals, nicolae_shoals_mertower
Shoals:2: layout_shoals, st_shoals_ruin
Shoals:3: layout_shoals
Shoals:4: shoals_end_grunt_ice, layout_shoals
Spider:1: nicolae_spider_mines_1, drop_trap, nicolae_spider_webs_and_nodes
Spider:2: layout_spider_delve, nicolae_spider_orb_run, uniq_arachne, uniq_aizul
Spider:3: layout_spider_delve
Spider:4: grunt_spider_rune_parallel, uniq_kirke, uniq_nikola, uniq_mara
Slime:1:  layout_caves, nicolae_slime_phagocytosis
Orc:1:    layout_diamond_mine, basic_altar
Orc:2:    st_orc_rangers, layout_caves
Elf:1:    layout_gridlike, serial_shops, nicolae_diamond_shop, minivault_28,
          minmay_crystal_room
Elf:2:    nicolae_elf_blades_splatter_lattice [grunt_blade_entry_basic],
          layout_loops_ring, serial_sigils, serial_sigils_hangedman_leer,
          serial_sigils_hangedman_gnaw, serial_sigils_hangedman_writhe
Vaults:1: gammafunk_ghost_crypt, nicolae_vaults_circle_grid_b,
          nicolae_vaults_big_angled_halls, nicolae_vaults_little_squares_4,
          ontoclasm_vaults_ring_small, hangedman_vaults_stagger,
          layout_vaults_chaotic_city, serial_shops, bzr_entry_lakeside
Vaults:2: v_misc_28, v_misc_31, vaults_room_large_hall, hangedman_vaults_nails,
          st_cross, nicolae_vaults_shelves_hall, vaults_room_pool,
          layout_vaults_quadrants, serial_shops, nicolae_shop_statue_plus
Vaults:3: hangedman_vaults_unwind, ontoclasm_vaults_shuriken, vaults_dpeg_doors,
          minmay_crypt_entry_vampire_xt, v_pattern_3,
          hangedman_vaults_river_flow, nicolae_vaults_ninety_degrees,
          st_squares, nicolae_vaults_triangles, ontoclasm_vaults_gateway,
          nicolae_vaults_yaktaur_gun_rack, nicolae_vaults_rhombus_7,
          nicolae_vaults_asterisk, layout_vaults_maze_bifur, uniq_jory,
          uniq_zenata, uniq_margery

Skill      XL: |  1  2  3  4  5  6  7  8  9 10 11 12 13 14 15 16 17 18 19 |
---------------+----------------------------------------------------------+-----
Short Blades   | 2 4 5 7 |  7.0
Fighting       | 1 3 5 8 |  8.1
Stealth        | 5 9 11 12 15 17 20 | 20.0
Ice Magic      | 1 5 8 9 10 13 14 | 14.0
Spellcasting   | 3 5 6 8 9 12 | 12.2
Hexes          | 5 7 11 | 11.0
Poison Magic   | 1 |  1.8
Air Magic      | 3 5 |  5.0
Conjurations   | 2 4 5 6 9 |  9.1
Fire Magic     | 1 |  1.3
Earth Magic    | 5 12 | 12.0
Evocations     | 3 6 |  6.0
Translocations | 3 4 6 7 |  7.8
Armour         | 4 |  4.0
Shields        | 6 10 | 10.4
Dodging        | 6 |  6.1

Action                   |  1- 3 |  4- 6 |  7- 9 | 10-12 | 13-15 | 16-18 | 19-21 || total
-------------------------+-------+-------+-------+-------+-------+-------+-------++-------
Melee: Dagger            |    97 |   161 |   220 |   347 |   793 |   289 |    23 ||  1930
       Bite              |     5 |    11 |    26 |    37 |   135 |    19 |     5 ||   238
       Punch             |       |       |     4 |     3 |       |       |       ||     7
 Cast: Ensorcelled Hiber |    15 |    20 |    64 |   169 |   126 |   160 |     9 ||   563
       Confusing Touch   |       |     1 |    12 |    13 |    70 |     7 |       ||   103
       Stone Arrow       |       |       |     3 |    16 |   121 |   144 |       ||   284
       Foxfire           |       |       |       |    83 |    27 |       |       ||   110
       Tukima's Dance    |       |       |       |    43 |    20 |     7 |       ||    70
       Scorch            |       |       |       |    38 |    23 |     1 |       ||    62
       Blink             |       |       |       |     9 |    19 |    24 |     2 ||    54
       Mephitic Cloud    |       |       |       |     3 |    12 |       |       ||    15
       Iskenderun's Myst |       |       |       |       |     4 |     6 |       ||    10
       Freezing Cloud    |       |       |       |       |    78 |   130 |     4 ||   212
       Iron Shot         |       |       |       |       |       |   225 |    16 ||   241
       Apportation       |       |       |       |       |       |     2 |       ||     2
       Passwall          |       |       |       |       |       |     9 |     1 ||    10
       Ozocubu's Refrige |       |       |       |       |       |    13 |     3 ||    16
 Abil: Exsanguinate      |     1 |       |       |       |       |       |       ||     1
Evoke: Wand              |       |       |       |     4 |     1 |       |       ||     5
       Lightning rod     |       |       |       |       |       |     3 |       ||     3
  Use: Potion            |     2 |     1 |     2 |     6 |     5 |     8 |     3 ||    27
       Scroll            |       |     2 |    11 |    14 |    17 |    21 |     3 ||    68
 Stab: Sleeping          |    23 |    35 |    71 |   104 |   129 |   195 |    14 ||   571
       Invisible         |     6 |       |       |       |       |       |       ||     6
       Confused          |       |     1 |    13 |    18 |    93 |     5 |       ||   130
       Distracted        |       |       |       |     1 |     3 |     5 |       ||     9
Armor: Robe              |    22 |    38 |    43 |    12 |       |       |       ||   115
       Troll leather arm |       |       |       |    78 |    97 |   101 |     4 ||   280
Dodge: Dodged            |    58 |   100 |   151 |   404 |   413 |   427 |    27 ||  1580
Block: Other             |       |     3 |    15 |    15 |       |       |       ||    33
       Reflection        |       |       |       |     7 |       |       |       ||     7
       Buckler           |       |       |       |    20 |   184 |   160 |    16 ||   380
